 Dungeon Crawl Stone Soup version 0.30-a0-311-gf115ab0292 (webtiles) character file.

Game seed: 8652858400875149888

113 Sobieck the Magician (level 4, 0/30 HPs)
             Began as a Mummy Summoner on Oct 25, 2022.
             Slain by Terence
             ... wielding a +0 mace
              (6 damage)
             ... on level 3 of the Dungeon.
             The game lasted 00:04:33 (2151 turns).

Sobieck the Magician (Mummy Summoner)               Turns: 2151, Time: 00:04:34

Health: 0/30       AC:  2    Str: 11    XL:     4   Next: 65%
Magic:  8/11       EV: 12    Int: 16    God:
Gold:   86         SH:  0    Dex: 12    Spells: 7/13 levels left

rFire   x . .      SeeInvis .    s - +2 hand axe (freeze) {axe}
rCold   + . .      Faith    +    (no shield)
rNeg    + + +      Spirit   .    d - +0 robe
rPois   ∞          Reflect  .    (no helmet)
rElec   .          Harm     .    (no cloak)
rCorr   .          Rampage  .    (no gloves)
Will    .....                    (no boots)
Stlth   ++........               (no amulet)
HPRegen 0.25/turn                e - ring of flight
MPRegen 0.12/turn                (no ring)

@: flying
A: cold resistance 1, negative energy resistance 3, torment resistance 2, heat
vulnerability 1, in touch with death 1, no potions, faith
a: no special abilities


You were on level 3 of the Dungeon.
You visited 1 branch of the dungeon, and saw 3 of its levels.

You collected 86 gold pieces.


Innate Abilities, Weirdness & Mutations

You are immune to poison.
Your flesh is cold resistant. (rC+)
You are immune to negative energy. (rN+++)
You are immune to unholy pain and torment.
You are vulnerable to heat. (rF-)
You are in touch with the powers of death.
You do not drink.
You have a special connection with the divine. (Faith)


   Skills:
 + Level 0.3 Fighting
 - Level 1.5 Dodging
 - Level 1.5 Stealth
 + Level 5.0 Spellcasting
 + Level 4.0 Summonings


You had 7 spell levels left.
You knew the following spells:

 Your Spells              Type           Power      Damage    Failure   Level
a - Call Imp              Summ           16%        N/A       4%          2
b - Summon Small Mammal   Summ           64%        N/A       3%          1
c - Call Canine Familiar  Summ           16%        N/A       9%          3

Your spell library contained the following spells:

 Spells                   Type           Power      Damage    Failure   Level
 Summon Guardian Golem    Hex/Summ       10%        N/A       21%         3
 Dazzling Flash           Conj/Hex       8%         N/A       41%         3
 Summon Lightning Spire   Summ/Air       10%        N/A       54%         4
 Iskenderun's Mystic Bla  Conj/Tloc      4%         2d3       83%         4
 Starburst                Conj/Fire      2%         6d3       100%        6

Inventory:

Hand Weapons
 a - a +0 dagger {short}
   (You took it off a kobold on level 1 of the Dungeon)
 s - a +2 hand axe of freezing (weapon) {axe}
   (You found it on level 2 of the Dungeon)
Missiles
 c - 3 poisoned darts {throwing}
 j - 20 stones {throwing}
Armour
 b - a +0 robe
   (You found it on level 1 of the Dungeon)
 d - a +0 robe (worn)
 f - a +0 robe
   (You found it on level 1 of the Dungeon)
 k - a +0 leather armour
   (You took it off a goblin on level 1 of the Dungeon)
 l - a +0 leather armour
   (You found it on level 1 of the Dungeon)
 m - a +0 leather armour
   (You found it on level 1 of the Dungeon)
 n - a +0 leather armour
   (You found it on level 1 of the Dungeon)
 o - a +0 leather armour
   (You found it on level 2 of the Dungeon)
 p - a +0 leather armour
   (You found it on level 2 of the Dungeon)
 r - a +0 robe
   (You found it on level 2 of the Dungeon)
 t - a +0 plate armour
   (You found it on level 2 of the Dungeon)
 u - a +0 robe
   (You found it on level 2 of the Dungeon)
Magical Staves
 i - a staff of conjuration {!a@e2staff}
   (You found it on level 1 of the Dungeon)
Jewellery
 e - a ring of flight (left hand)
   (You found it on level 1 of the Dungeon)
Scrolls
 g - a scroll of noise {unknown}
 h - a scroll of amnesia {unknown}
 q - 2 scrolls of enchant weapon {unknown}

Dungeon Overview and Level Annotations

Branches:
Dungeon (3/15) Zot: 15838

Altars:

Annotations:
D:3 Terence

#.$... ... #......
.. ##...... ..
........ .# #
.....####.###.##
#......#......#
##..$...<.......
#......r........
#...@@.........(
#.............>.
#...............
#...5...........
..:..............
###...............
#..............
......####..##


You could see Terence (ally target), a friendly crimson imp (summoned) and a
friendly rat (summoned).


Message History

Casting: Summon Small Mammal (safe; 3% risk of failure)
Confirm with . or Enter, or press ? or * to list all spells.
A beastly little devil appears in a puff of flame.
Casting: Call Imp (safe; 4% risk of failure)
Confirm with . or Enter, or press ? or * to list all spells.
Terence shouts!
Unknown command.
The iguana hisses menacingly.
Your bat hits the iguana but does no damage.
Something hits your crimson imp.
Your bat barely misses the iguana.
The iguana bites you.
You fly upwards.
Your summoned ally is left behind.
There is a stone staircase leading down here.
Unknown command.
Unknown command.
Unknown command.
Casting: Summon Small Mammal (safe; 3% risk of failure)
Confirm with . or Enter, or press ? or * to list all spells.
A beastly little devil appears in a puff of frigid air.
The iguana barely misses you.
Casting: Call Imp (safe; 4% risk of failure)
Confirm with . or Enter, or press ? or * to list all spells.
Your white imp closely misses the iguana.
The iguana bites you.
Unknown command.
You hit the iguana.
The iguana seems to slow down.
You freeze the iguana.
Your bat hits the iguana but does no damage.
Your white imp barely misses the iguana.
You closely miss the iguana.
The iguana is no longer moving slowly.
Your bat hits the iguana but does no damage.
The iguana bites you but does no damage.
Your bat barely misses the iguana.
Your white imp gestures at the iguana.
The puff of frost hits the iguana.
Unknown command.
You hit the iguana.
The iguana seems to slow down.
You freeze the iguana.
Your bat closely misses the iguana.
Your white imp gestures at the iguana.
The puff of frost hits the iguana.
The iguana closely misses your white imp.
Unknown command.
You catch the helpless iguana completely off-guard!
You hit the iguana.
The iguana seems to slow down.
You freeze the iguana.
Your bat barely misses the iguana.
Your white imp hits the iguana but does no damage.
The iguana bites your white imp!
Your white imp completely misses the iguana.
Unknown command.
You slash the iguana! You freeze the iguana.
You kill the iguana!
Training target 5.0 for Spellcasting reached!
Your Spellcasting skill increases to level 5!
You need to enable at least one skill for training.
Unknown command.
Unknown command.
You start resting.
Your bat disappears in a puff of smoke!
Your white imp disappears in a puff of smoke!
Unknown command.
Unknown command.
You fly downwards.
Level annotation: Terence
There is a stone staircase leading up here.
Danger!
Unknown command.
Casting: Summon Small Mammal (safe; 3% risk of failure)
Confirm with . or Enter, or press ? or * to list all spells.
A beastly little devil appears in a puff of flame.
Terence hits you with a +0 mace!
Casting: Call Imp (safe; 4% risk of failure)
Confirm with . or Enter, or press ? or * to list all spells.
Terence hits you with a +0 mace!
Unknown command.
You are too injured to fight recklessly!
Unknown command.
Unknown command.
You swap places.
Your crimson imp hits Terence but does no damage.
Your rat bites Terence but does no damage.
Unknown command.
You barely miss Terence. You punch Terence, but do no damage.
Terence completely misses you.
Your rat barely misses Terence.
Your crimson imp barely misses Terence.
Unknown command.
Terence attacks as you move away! Terence hits you but does no damage.
Terence shouts, "Now you die!"
Your rat bites Terence but does no damage.
Unknown command.
You closely miss Terence. Terence misses you.
Your rat closely misses Terence.
Your crimson imp blinks!
Terence hits you with a +0 mace.
* * * LOW HITPOINT WARNING * * *
Unknown command.
You hit Terence but do no damage.
Your rat bites Terence.
Terence hits you with a +0 mace!
* * * LOW HITPOINT WARNING * * *
Unknown command.
Your rat bites Terence but does no damage.
Terence attacks as you move away! Terence hits you with a +0 mace.
You die...

Skill      XL: |  1  2  3  4 |
---------------+-------------+-----
Spellcasting   | 3 4 5 |  5.0
Summonings     | 4 |  4.0
Fighting       | |  0.3
Dodging        | |  1.5
Stealth        | |  1.5

Action                   |  1- 3 |  4- 6 || total
-------------------------+-------+-------++-------
Melee: Unarmed           |    14 |       ||    14
       Dagger            |   102 |       ||   102
       Punch             |     3 |     1 ||     4
       Hand axe          |    23 |    21 ||    44
 Cast: Summon Small Mamm |    25 |     5 ||    30
       Call Imp          |    12 |     5 ||    17
 Stab: Sleeping          |     1 |     2 ||     3
       Distracted        |       |     1 ||     1
Armor: Robe              |    36 |     3 ||    39
Dodge: Dodged            |   103 |    14 ||   117

Levels and vault maps discovered:
D:1:      scummos_arrival_checkerplants, layout_loops_ring
D:2:      layout_loops_ring
D:3:      layout_rooms, uniq_terence, uniq_ijyb

Notes
Turn   | Place    | Note
-------+----------+-------------------------------------------
     0 | D:1      | Sobieck the Mummy Summoner began the quest for the Orb.
     0 | D:1      | Reached XP level 1. HP: 13/13 MP: 4/4
   141 | D:1      | Reached skill level 3 in Spellcasting
   215 | D:1      | Reached XP level 2. HP: 19/19 MP: 6/6
   457 | D:1      | Learned a level 2 spell: Call Imp
   730 | D:1      | Gained mutation: You are in touch with the powers of death.
                  | [Mummy growth]
   730 | D:1      | Reached XP level 3. HP: 24/24 MP: 4/8
  1212 | D:2      | You pick up a book of Spectacle and begin reading...
  1212 | D:2      | You add the spells Dazzling Flash, Iskenderun's Mystic
                  | Blast and Starburst to your library.
  1268 | D:2      | Reached skill level 4 in Spellcasting
  1677 | D:2      | Reached skill level 4 in Summonings
  1677 | D:2      | Reached XP level 4. HP: 28/30 MP: 10/10
  1757 | D:2      | Learned a level 3 spell: Call Canine Familiar
  2090 | D:3      | Noticed Terence
  2104 | D:2      | Reached skill level 5 in Spellcasting
  2148 | D:3      | HP: 5/30 [Terence/+0 mace (7)]
  2151 | D:3      | Slain by Terence

Vanquished Creatures
  An iguana (D:2)
  An adder (D:2)
  A worm (D:2)
  6 ball pythons
  3 endoplasms
  4 giant cockroaches
  9 goblins
  2 hobgoblins (D:2)
  A quokka (D:1)
  5 bats
  2 frilled lizards
  A kobold (D:1)
36 creatures vanquished.

Vanquished Creatures (collateral kills)
  2 adders (D:2)
  A dart slug (D:1)
  A bat (D:1)
  3 endoplasms
  2 hobgoblins (D:1)
  A kobold (D:1)
  A frilled lizard (D:2)
  A rat (D:2)
12 creatures vanquished.

Grand Total: 48 creatures vanquished

Table legend:
 A = Non-vault XP
 B = Vault XP
 C = Vault XP percentage of total XP
 D = Non-vault monster count
 E = Vault monster count
 F = Vault count percentage of total count
                 A         B        C        D         E       F
            +---------+---------+-------+---------+---------+-------
      Total |     162 |       0 |   0.0 |      48 |       0 |   0.0
            +---------+---------+-------+---------+---------+-------
        D:1 |      51 |       0 |   0.0 |      28 |       0 |   0.0
        D:2 |     111 |       0 |   0.0 |      20 |       0 |   0.0
            +---------+---------+-------+---------+---------+-------

Illustrated notes

Table legend:
 A = Kills in this place as a percentage of kills in entire the game.
 B = Kills by you in this place as a percentage of kills by you in the entire game.
 C = Kills by friends in this place as a percentage of kills by friends in the entire game.
 D = Other kills in this place as a percentage of other kills in the entire game.
 E = Experience gained in this place as a percentage of experience gained in the entire game.
 F = Experience gained in this place divided by the number of levels of this place that you have seen.
                   A       B       C       D       E      F
               +-------+-------+-------+-------+-------+----------------------
         Total | 100.0 | 100.0 | 100.0 |   N/A | 100.0 |  54.0
       Dungeon | 100.0 | 100.0 | 100.0 |   N/A | 100.0 |  54.0
               +-------+-------+-------+-------+-------+----------------------

Table legend: (Time is in decaauts)
 A = Elapsed time spent in this place.
 B = Non-inter-level travel time spent in this place.
 C = Inter-level travel time spent in this place.
 D = Time resting spent in this place.
 E = Time spent auto-exploring this place.
 F = Levels seen in this place.
 G = Mean time per level.
                   A        B        C        D        E       F      G
               +--------+--------+--------+--------+--------+-----+--------+
         Total |   2162 |   2131 |     31 |    161 |   1481 |   3 |  720.7 |
       Dungeon |   2162 |   2131 |     31 |    161 |   1481 |   3 |  720.7 |
               +--------+--------+--------+--------+--------+-----+--------+

Top non-repeatable levels by time:
     D:1: 1116 daAuts
     D:2: 1028 daAuts
     D:3: 17 daAuts
